Map: Cyber Forest LE

Players

Awers

  • Race: Terran Terran
  • Spawn Location: 5:00

HolyHit - Winner!

  • Race: Protoss Protoss
  • Spawn Location: 11:00

Event: 2019 WCS Spring

VOD

Have the link to the VOD?

Description

Time

  • Played on: May 17, 2019, 6:35 a.m.
  • Length: 15:24

All games in this series

Show
View Real Time Build Order
Export as new Build Order

Awers Terran 

Build Orders: Liberator Opening, Reaper Expand, Mech 

Get SALT Encoding   

  12  0:00  SCV  
  13  0:13  SCV  
  14  0:17  Supply Depot  
  14  0:25  SCV  
  15  0:39  SCV  
  15  0:40  Barracks  
  16  0:44  Refinery  
  16  0:51  SCV  
  17  1:03  SCV  
  18  1:15  SCV  
  19  1:27  Reaper, Orbital Command  
  20  1:43  Command Center  
  20  1:51  Supply Depot  
  20  1:53  SCV  
  21  1:59  Marine  
  22  2:05  SCV  
  23  2:13  Factory  
  23  2:14  Refinery  
  23  2:22  SCV  
  24  2:23  Barracks Reactor  
  24  2:34  SCV  
  25  2:46  SCV  
  26  2:58  SCV  
  26  3:00  Orbital Command  
  26  3:01  Starport  
  26  3:02  Widow Mine, Marine x2  
  30  3:10  SCV  
  31  3:16  Refinery  
  31  3:19  Marine  
  31  3:20  Marine  
  31  3:21  Liberator  
  31  3:22  SCV  
  31  3:24  Factory Tech Lab  
  31  3:27  SCV  
  35  3:34  SCV  
  35  3:37  Marine x2  
  35  3:39  SCV  
  35  3:41  Supply Depot  
  42  3:48  SCV, Siege Tank  
  46  3:55  Supply Depot  
  46  4:02  SCV x2, Marine x2  
  50  4:15  SCV  
  50  4:19  SCV  
  50  4:20  Siege Tank, Marine  
  55  4:24  Starport Tech Lab  
  55  4:25  Marine  
  55  4:27  SCV  
  56  4:31  SCV  
  56  4:35  Factory  
  56  4:36  Refinery, Factory, Supply Depot  
  57  4:39  SCV  
  57  4:43  SCV  
  57  4:44  Marine  
  57  4:45  Marine  
  61  4:51  SCV  
  62  4:57  SCV, Raven  
  62  4:59  Supply Depot  
  65  5:03  SCV  
  65  5:09  SCV, Supply Depot  
  65  5:13  Siege Tank  
  66  5:15  SCV  
  59  5:25  SCV  
  56  5:29  SCV  
  56  5:32  Factory Tech Lab  
  56  5:33  Hellion x2  
  59  5:37  SCV  
  52  5:43  SCV  
  52  5:45  Siege Tank  
  51  5:53  SCV, Siege Tank  
  51  5:56  SCV  
  52  6:00  Hellion x2  
  56  6:05  SCV  
  56  6:09  SCV  
  58  6:17  SCV  
  58  6:18  Siege Tank  
  62  6:22  SCV  
  62  6:24  Viking  
  62  6:25  Armory  
  65  6:27  Hellion  
  65  6:29  SCV  
  68  6:34  SCV  
  69  6:41  SCV  
  69  6:46  SCV  
  70  6:48  Siege Tank  
  70  6:53  SCV  
  74  6:55  Siege Tank  
  74  6:58  SCV  
  74  6:59  Hellion x2  
  82  7:05  SCV  
  73  7:16  SCV  
  73  7:20  Hellion  
  66  7:24  Factory  
  66  7:28  Siege Tank  
  67  7:32  SCV x2  
  69  7:38  Terran Vehicle Weapons Level 1  
  69  7:44  SCV  
  70  7:55  Command Center, Siege Tank  
  68  8:05  Hellion, Siege Tank  
  67  8:06  Hellion  
  67  8:09  Starport Reactor  
  67  8:16  Thor  
  73  8:20  Supply Depot  
  73  8:21  Hellion x2, Supply Depot  
  73  8:29  SCV x2  
  73  8:30  Factory  
  75  8:35  Thor  
  75  8:39  Supply Depot x2  
  81  8:42  Supply Depot  
  81  8:46  Hellion  
  81  8:47  Hellion  
  83  8:55  Thor  
  89  9:07  Orbital Command  
  89  9:20  Thor  
  89  9:21  Hellion x2  
  89  9:22  Hellion x2  
  103  9:24  Hellion  
  103  9:28  Orbital Command  
  99  9:42  Siege Tank  
  99  9:43  SCV  
  99  9:44  SCV  
  99  9:45  Terran Vehicle Weapons Level 2  
  104  9:50  Refinery  
  104  9:55  Refinery  
  104  9:59  Infernal Pre-Igniter  
  102  10:03  Hellion  
  107  10:07  Hellion x2  
  107  10:08  SCV  
  107  10:09  SCV  
  102  10:17  SCV  
  94  10:23  Hellion x3  
  95  10:41  Hellion x2, Cyclone  
  95  10:42  Mag-Field Accelerator  
  93  10:43  SCV x2  
  93  10:46  SCV  
  93  10:49  Siege Tank  
  99  10:55  SCV x2  
  101  10:57  Siege Tank  
  101  10:58  SCV  
  105  11:05  Engineering Bay  
  105  11:06  Starport Reactor  
  105  11:07  SCV  
  105  11:10  SCV  
  107  11:15  Cyclone  
  110  11:21  Hellion x3  
  116  11:26  Hellion x2  
  116  11:29  Siege Tank  
  123  11:34  Liberator  
  125  11:47  Hellion x3, Cyclone  
  125  11:48  Hellion  
  125  11:52  Supply Depot x2  
  133  11:56  Factory  
  133  11:57  Cyclone, Factory  
  133  12:01  Terran Vehicle And Ship Armor Level 1  
  134  12:04  Sensor Tower  
  134  12:06  Cyclone  
  131  12:12  Hellion x2  
  131  12:31  Thor, Siege Tank  
  131  12:32  Hellion  
  131  12:36  Hellion x4  
  140  12:38  Siege Tank  
  140  12:41  Hellion  
  123  12:49  Hellion  
  112  13:00  Hellion  
  112  13:03  Cyclone  
  109  13:07  Hellion  
  109  13:09  Hellion  
  109  13:11  Cyclone  
  102  13:14  Cyclone  
  103  13:27  Hellion x2  
  103  13:28  Sensor Tower  
  103  13:29  Missile Turret  
  103  13:30  Factory Reactor, Factory Tech Lab  
  100  13:36  Hellion x2, Cyclone  
  107  13:43  Cyclone  
  107  13:47  Hellion  
  109  13:57  Siege Tank  
  109  13:58  Hellion  
  106  14:04  Hellion  
  106  14:08  Cyclone  
  106  14:09  SCV x2  
  113  14:15  Hellion x4  
  115  14:25  Hellion x3  
  115  14:26  Hellion  
  114  14:40  Hellion x2, Siege Tank  
  114  14:43  Siege Tank  
  115  14:55  Hellion  
Show
View Real Time Build Order
Export as new Build Order

HolyHit Protoss - Winner!

Build Orders: 1 Gate Expand, Blink Stalkers 

Get SALT Encoding   

  12  0:00  Probe  
  13  0:13  Probe  
  14  0:18  Pylon  
  14  0:24  Probe  
  15  0:32  Probe  
  15  0:38  Gateway  
  15  0:40  Probe  
  16  0:46  Assimilator  
  17  0:51  Probe  
  18  1:03  Probe  
  19  1:15  Probe  
  20  1:24  Nexus  
  20  1:35  Cybernetics Core, Probe  
  21  1:40  Assimilator  
  21  1:47  Probe  
  21  1:50  Pylon  
  22  1:57  Probe  
  22  2:01  Adept  
  23  2:05  Probe  
  23  2:14  Probe  
  27  2:23  Twilight Council  
  27  2:26  Probe  
  28  2:31  Stalker  
  28  2:32  Probe  
  31  2:38  Warp Gate, Probe  
  31  2:40  Probe  
  32  2:50  Probe  
  33  2:54  Probe  
  34  3:02  Probe  
  34  3:03  Blink  
  35  3:08  Probe  
  35  3:12  Stalker, Probe  
  39  3:20  Probe  
  39  3:22  Probe  
  39  3:24  Gateway  
  41  3:33  Probe, Gateway  
  41  3:34  Probe  
  43  3:44  Pylon  
  43  3:45  Probe  
  44  3:51  Probe  
  44  3:52  Robotics Facility  
  45  3:58  Pylon  
  45  3:59  Probe  
  46  4:04  Assimilator  
  46  4:05  Assimilator  
  46  4:11  Probe  
  45  4:27  Stalker x2  
  49  4:31  Nexus  
  49  4:32  Stalker  
  49  4:33  Observer  
  49  4:35  Probe, Pylon  
  52  4:44  Probe  
  54  4:50  Probe  
  54  4:51  Observer  
  54  4:52  Stalker x2  
  59  4:56  Stalker  
  62  5:03  Probe  
  63  5:13  Observer  
  61  5:19  Stalker  
  61  5:20  Stalker  
  63  5:23  Stalker  
  63  5:25  Probe  
  62  5:36  Probe  
  62  5:37  Probe  
  52  5:42  Stalker  
  52  5:43  Stalker  
  52  5:45  Probe  
  52  5:46  Probe  
  52  5:49  Stalker  
  58  5:53  Probe  
  58  5:54  Probe  
  56  6:02  Probe  
  58  6:07  Stalker x2  
  58  6:08  Probe  
  64  6:11  Probe  
  64  6:14  Probe  
  64  6:18  Stalker  
  68  6:19  Probe  
  68  6:20  Observer  
  68  6:22  Probe  
  68  6:23  Probe  
  70  6:27  Probe  
  73  6:38  Stalker x2  
  77  6:46  Stalker  
  79  6:49  Probe  
  77  6:58  Immortal  
  77  7:01  Stalker x2  
  82  7:05  Probe  
  79  7:11  Stalker  
  79  7:12  Probe  
  79  7:13  Probe  
  73  7:18  Probe  
  73  7:20  Probe  
  73  7:21  Probe  
  73  7:26  Charge  
  73  7:27  Forge  
  73  7:28  Stalker x2, Forge, Probe  
  76  7:30  Probe  
  78  7:40  Gateway  
  78  7:42  Gateway  
  78  7:43  Warp Prism  
  80  7:46  Probe  
  80  7:50  Probe  
  81  7:53  Probe  
  81  7:58  Probe  
  66  8:06  Stalker x3, Protoss Ground Armor Level 1  
  72  8:14  Observer, Protoss Ground Weapons Level 1  
  72  8:16  Probe x3  
  72  8:18  Gateway  
  75  8:23  Observer  
  75  8:27  Templar Archives  
  75  8:28  Probe x3  
  78  8:34  Stalker, Gateway  
  78  8:37  Stalker  
  78  8:40  Probe x3  
  85  8:54  Probe  
  85  8:58  Nexus  
  85  9:01  Pylon  
  85  9:04  Pylon  
  85  9:12  Immortal  
  85  9:14  Pylon  
  85  9:15  Pylon  
  85  9:19  Probe  
  90  9:26  Stalker  
  90  9:28  Stalker x2  
  90  9:31  Probe  
  97  9:32  Assimilator  
  97  9:37  Zealot x2  
  97  9:38  Zealot x2  
  105  9:48  Immortal  
  105  9:51  Shield Battery  
  109  9:53  Photon Cannon  
  109  9:58  Zealot x4  
  117  10:06  Pylon  
  109  10:08  Protoss Ground Armor Level 2, Pylon  
  109  10:09  Protoss Ground Weapons Level 2  
  109  10:10  Pylon  
  109  10:14  Zealot x7  
  99  10:24  Gateway  
  99  10:27  Warp Prism  
  79  10:42  High Templar x2  
  79  10:43  High Templar x5  
  79  10:49  Archon  
  93  10:50  Archon x2  
  93  10:52  Immortal  
  93  10:53  Pylon  
  93  10:54  Pylon  
  93  10:55  Pylon x2  
  93  10:56  Pylon  
  93  11:01  Psionic Storm  
  97  11:10  Probe  
  98  11:12  Robotics Facility  
  98  11:13  Assimilator, Gateway  
  98  11:16  Gateway  
  98  11:17  Photon Cannon x2  
  98  11:18  High Templar  
  98  11:24  Observer  
  98  11:25  Zealot x3, Archon  
  100  11:28  Pylon  
  106  11:43  Zealot x3, Warp Prism  
  106  11:44  Zealot  
  106  11:46  Dark Shrine  
  114  11:52  Stalker  
  116  11:58  Zealot x3  
  122  12:11  Zealot x6  
  134  12:17  Zealot  
  136  12:24  Zealot x3  
  136  12:29  Immortal  
  124  12:45  Zealot x8  
  124  12:46  Zealot  
  130  13:10  Zealot x5  
  126  13:18  High Templar x2  
  126  13:19  High Templar x3  
  128  13:22  Probe x2  
  128  13:26  Archon x2  
  120  13:35  Zealot x5  
  129  13:53  Stalker x3  
  121  14:09  Zealot x3  
  123  14:17  Nexus  
  123  14:20  Immortal  
  123  14:21  High Templar x3  
  123  14:23  Assimilator  
  133  14:27  Assimilator  
  133  14:28  Photon Cannon  
  133  14:29  Photon Cannon, High Templar  
  133  14:30  High Templar x3  
  139  14:41  Archon  
  139  14:44  Zealot x3  
  137  14:48  Archon  
  137  14:49  Archon  
  135  14:54  Zealot x3  
  123  15:05  Zealot x3  
  123  15:06  Zealot x4  
  103  15:21  Zealot x3  
Tags
 
Add a new tag
Caveats
  • Supply blocks, unpowered buildings, or Contaminate may cause inaccurate times.
  • Supply counts are checked every 10 seconds.